 Dungeon Crawl Stone Soup version 0.22.1-1-ga44c0e5 (webtiles) character file.

114 Yerrow the Grasshopper (level 4, -2/38 HPs)
             Began as a Draconian Warper on Oct 20, 2018.
             Slain by a hobgoblin
             ... wielding a +0 club
              (5 damage)
             ... on level 3 of the Dungeon.
             The game lasted 00:10:05 (1785 turns).

Yerrow the Grasshopper (Draconian Warper)           Turns: 1785, Time: 00:10:06

Health: -2/38      AC:  6    Str: 15    XL:     4   Next: 67%
Magic:  2/8        EV: 12    Int: 13    God:
Gold:   76         SH:  0    Dex: 10    Spells: 4/8 levels left

rFire    . . .     SeeInvis .   a - +0 falchion
rCold    . . .     Gourm    .   (no shield)
rNeg     . . .     Faith    .   (armour unavailable)
rPois    .         Spirit   .   o - +0 hat
rElec    .         Reflect  .   (no cloak)
rCorr    .         Harm     .   q - +0 pair of gloves
MR       .....                  (no boots)
Stlth    +.........             (no amulet)
HPRegen  0.12/turn              (no ring)
MPRegen  0.11/turn              (no ring)

@: very slightly contaminated
A: unfitting armour, cold-blooded, AC +5
a: no special abilities


You were on level 3 of the Dungeon.
You were not hungry.

You visited 1 branch of the dungeon, and saw 3 of its levels.

You collected 76 gold pieces.

Inventory:

Hand Weapons
 a - a +0 falchion (weapon)
 m - a +2 dagger of venom
Missiles
 d - 5 tomahawks of dispersal
 h - 119 stones (quivered)
Armour
 o - a +0 hat (worn)
 q - a +0 pair of gloves (worn)
Jewellery
 e - an uncursed ring of fire {unknown}
 g - a cursed ring of attention {unknown}
Scrolls
 b - 3 scrolls of identify {unknown}
 p - a scroll of random uselessness {unknown}
 r - 2 scrolls of remove curse {unknown}
Potions
 i - a potion of might
 j - a potion of brilliance {unknown}
 l - 3 potions of heal wounds {unknown}
 n - a potion of magic {unknown}
Comestibles
 f - a ration
 k - 2 chunks of flesh


   Skills:
 + Level 3.0 Fighting
 + Level 2.7 Long Blades
 - Level 1.2 Throwing
 + Level 3.0 Dodging
 + Level 2.6 Spellcasting
 + Level 3.3 Translocations


You had 4 spell levels left.
You knew the following spells:

 Your Spells              Type           Power        Failure   Level  Hunger
a - Blink                 Tloc           N/A          9%          2    ###....
b - Shroud of Golubria    Chrm/Tloc      #.........   19%         2    ###....

Your spell library contained the following spells:

 Spells                   Type           Power        Failure   Level  Hunger
 Gell's Gravitas          Tloc           ##........   19%         3    ###....
 Lesser Beckoning         Tloc           ##........   19%         3    ###....
 Teleport Other           Tloc           ##......     19%         3    ###....
 Passage of Golubria      Tloc           N/A          52%         4    #####..


Dungeon Overview and Level Annotations

Branches:
Dungeon (3/15)

Altars:

Annotations:
D:2 Natasha


Innate Abilities, Weirdness & Mutations

Your plain brown scales are hard. (AC +5)
You cannot fit into any form of body armour.
You are cold-blooded and may be slowed by cold attacks.


Message History

Press: ? - help, Shift-Dir - straight line, f - hobgoblin
Aim: a hobgoblin, wielding a club You throw a stone.
The stone closely misses the hobgoblin.
Found a scroll labeled LEFIRA SIPSIH.
You see here 6 gold pieces.
A bat comes into view.
An ooze comes into view.
There is a stone staircase leading up here.
You barely miss the hobgoblin. The hobgoblin hits you with a club.
* * * LOW HITPOINT WARNING * * *
You closely miss the hobgoblin.
The ooze quivers.
The bat barely misses you. The hobgoblin misses you.
You hit the hobgoblin.
The hobgoblin is moderately wounded.
The bat barely misses you.
You riposte.
You closely miss the bat.
The hobgoblin hits you but does no damage.
You closely miss the hobgoblin.
The hobgoblin is moderately wounded.
The bat hits you but does no damage. The hobgoblin hits you with a club.
You die...

## ..## ..( #
..# .#
######.####..
#....<.....#
#..........#..
#...b.g.......
#....$@....##
#......>...#
#..........#
#..........#
#.......J..#
#..........#
#...?......#
............


You could see an ooze, a hobgoblin and a bat.

Vanquished Creatures
  Natasha (twice) (D:2)
  An adder (D:2)
  A worm (D:2)
  3 dart slugs
  A leopard gecko (D:2)
  A giant cockroach (D:1)
  9 goblins
  6 hobgoblins
  2 ball pythons (D:1)
  6 bats
  4 frilled lizards
  9 kobolds
  5 rats
50 creatures vanquished.

Notes
Turn   | Place    | Note
-------+----------+-------------------------------------------
     0 | D:1      | Yerrow the Draconian Warper began the quest for the Orb.
     0 | D:1      | Reached XP level 1. HP: 17/17 MP: 3/3
   113 | D:1      | Reached XP level 2. HP: 25/25 MP: 5/5
   367 | D:1      | Learned a level 2 spell: Blink
   372 | D:1      | Learned a level 2 spell: Shroud of Golubria
   773 | D:1      | Reached skill level 1 in Throwing
   800 | D:1      | Reached XP level 3. HP: 30/30 MP: 6/6
  1434 | D:2      | Noticed Natasha
  1446 | D:2      | Killed Natasha
  1446 | D:2      | Reached XP level 4. HP: 20/37 MP: 4/7
  1477 | D:2      | Noticed Natasha
  1484 | D:2      | Killed Natasha
  1757 | D:2      | Noticed Natasha
  1785 | D:3      | Slain by a hobgoblin

Skill      XL: |  1  2  3  4 |
---------------+-------------+-----
Throwing       | 1 |  1.2
Dodging        | 3 |  3.0
Fighting       | 3 |  3.0
Long Blades    | |  2.7
Spellcasting   | |  2.6
Translocations | |  3.3

Action                   |  1- 3 |  4- 6 || total
-------------------------+-------+-------++-------
Melee: Falchion          |   106 |    24 ||   130
       Tailslap          |     8 |     6 ||    14
Throw: Stone             |    87 |    19 ||   106
 Cast: Shroud of Golubri |     2 |       ||     2
       Blink             |       |     3 ||     3
  Use: Scroll            |       |     1 ||     1
  Eat: Chunk             |     2 |     1 ||     3
Armor: Skin              |    22 |    11 ||    33
Dodge: Dodged            |    74 |    16 ||    90
       Rpst.: Falchion   |    18 |     6 ||    24
